 Dungeon Crawl Stone Soup version 0.30.0-20-g3615ddf2f0 (webtiles) character file.

Game seed: 3339442163738868065

470 qw the Chopper (level 7, -1/43 HPs)
             Began as a Gargoyle Fighter on May 28, 2023.
             Killed from afar by an orc wizard (21 damage)
             ... with a puff of flame
             ... on level 5 of the Dungeon.
             The game lasted 00:01:56 (3462 turns).

qw the Chopper (Gargoyle Fighter)                   Turns: 3462, Time: 00:01:56

Health: -1/43      AC: 16    Str: 25    XL:     7   Next: 9%
Magic:  7/7        EV:  8    Int:  8    God:
Gold:   318        SH:  0    Dex:  9    Spells: 6/6 levels left

rFire   x . .        Y - +0 war axe
rCold   . . .        c - +0 buckler
rNeg    + . .        f - +0 chain mail
rPois   inf          (no helmet)
rElec   +            (no cloak)
rCorr   +            k - +0 pair of gloves of the Coconut {rF- rCorr Str+3}
SInv    .            j - +0 pair of boots
Will    +....        (no amulet) Stlth
                     i - ring of willpower
HPRegen 0.27/turn    (no ring)
MPRegen 0.10/turn

%: no passive effects
@: confused
A: sickness immunity, AC +4, negative energy resistance 1, electricity
resistance, torment resistance 1, petrification resistance
a: no special abilities


You were on level 5 of the Dungeon.
You visited 1 branch of the dungeon, and saw 5 of its levels.

You collected 318 gold pieces.


Innate Abilities, Weirdness & Mutations

You are immune to sickness and miasma.
Your stone body is resilient. (AC +4)
You are immune to poison.
You resist negative energy. (rN+)
You are resistant to electric shocks. (rElec)
You are resistant to unholy torment.
You are immune to petrification.


   Skills:
 - Level 4.1 Fighting
 + Level 6.0 Axes
 - Level 3.2 Armour
 - Level 1.7 Dodging
 - Level 3.2 Shields


You had 6 spell levels left.
You didn't know any spells.
Your spell library was empty.

Inventory:

Hand Weapons
 e - a +0 whip
 Y - a +0 war axe (weapon)
Armour
 c - a +0 buckler (worn)
 f - a +0 chain mail (worn)
 j - a +0 pair of boots (worn)
 k - the +0 pair of gloves of the Coconut (worn) {rF- rCorr Str+3}
   (You found it on level 2 of the Dungeon)

   Str:       It affects your strength (+3).
   rF:        It makes you vulnerable to fire.
   rCorr:     It protects you from acid and corrosion.
Jewellery
 i - a ring of willpower (left hand)
Scrolls
 a - 2 scrolls of teleportation
 g - 2 scrolls of identify
 o - a scroll of butterflies {unknown}
Potions
 b - a potion of resistance
 d - 3 potions of might
 h - 2 potions of cancellation
 l - a potion of mutation {unknown}
 m - a potion of curing {unknown}
 n - a potion of degeneration {unknown}
 p - a potion of attraction {unknown}
 q - a potion of haste {unknown}

Dungeon Overview and Level Annotations

Branches:
Dungeon (5/15)
 Temple: D:4-7

Altars:
Ashenzari


Message History

The scorpion is severely wounded.
You miss something.
The scorpion stings you but does no damage.
Something hits you. The scorpion barely misses you.
You hit the scorpion but do no damage.
The scorpion is severely wounded.
You miss something.
The scorpion stings you but does no damage.
You hear some strange, mumbled words.
A magic dart appears from out of thin air!
The magic dart hits you.
An orc comes into view. It is wielding a +0 mace.
You barely miss the scorpion.
The scorpion is severely wounded.
You barely miss something.
The orc shouts!
You hear a shout! x3
The scorpion stings you but does no damage.
Something hits you but does no damage. The scorpion stings you.
You hit the scorpion.
The scorpion is almost dead.
You miss something. Something hits you but does no damage.
An orc comes into view. It is wielding a +0 hand axe.
The scorpion barely misses you.
You slash the scorpion!
You kill the scorpion!
You slash something!
Reactivating autopickup.
You feel a bit more experienced.
An orc comes into view. It is wielding a +0 flail.
An orc comes into view. It is wielding a +0 short sword.
You hear some strange, mumbled words.
Deactivating autopickup; reactivate with Ctrl-A.
You are confused.
Your Dodging skill increases to level 1!
You have reached level 7!
You hear some strange, mumbled words.
A puff of flame appears from out of thin air!
The puff of flame hits you!! The fire burns you terribly!
You die...

#.......[..#.#.###...# .
#.....#..#.#....#....#)..
#..........#.#..........#
#..#..#.........#....#
...#..#.##.#....#.......#
.....(.............###...
...#....##........#####..
#..#.....+.....o........
........##.....{@.#
#..#....##.##..))..#
#..#.......o.o........
##.#....#.#.##...#>.....
........#.# #...##..##)
#######.# # #...# ..# #
.... .o..# .. # ###.#
##.#.# ... # .#


You could see 4 orcs.

Vanquished Creatures
  Sigmund (D:4)
  A phantom (D:5)
  A scorpion (D:5)
  An orc wizard (D:5)
  An iguana (D:4)
  5 adders
  A worm (D:2)
  4 orcs (D:5)
  4 ball pythons
  8 bats
  4 endoplasms
  5 giant cockroaches
  6 hobgoblins
  11 jackals
  6 kobolds
  6 quokkas
  5 frilled lizards
  6 goblins
  3 rats
79 creatures vanquished.

Notes
Turn   | Place    | Note
-------+----------+-------------------------------------------
     0 | D:1      | qw the Gargoyle Fighter began the quest for the Orb.
     0 | D:1      | Reached XP level 1. HP: 14/14 MP: 1/1
     0 | D:1      | 0 ||| qw: Version: 0.2-a-101-gf8a7cd0
     0 | D:1      | 0 ||| qw: Game counter: 255
     0 | D:1      | 0 ||| qw: Always use a shield: true
     0 | D:1      | 0 ||| qw: God list: Okawaru
     0 | D:1      | 0 ||| qw: Allow faded altars: false
     0 | D:1      | 0 ||| qw: Do Orc after D:15 true
     0 | D:1      | 0 ||| qw: Do second Lair branch before Depths: true
     0 | D:1      | 0 ||| qw: Lair rune preference: random
     0 | D:1      | 0 ||| qw: Plans: Normal, Zot:1-4, Slime:5, God:TSO, Crypt,
                  | Tomb, Pan, Hells, Abyss, Win
     0 | D:1      | 0 ||| PLANNING D:1-11
    90 | D:1      | Reached skill level 2 in Axes
   109 | D:1      | Reached XP level 2. HP: 19/19 MP: 2/2
   307 | D:1      | 307 ||| Stepping ~*~*~tactically~*~*~ (stealth).
   331 | D:1      | Reached skill level 3 in Axes
   675 | D:1      | Reached XP level 3. HP: 23/23 MP: 3/3
   707 | D:1      | 707 ||| READING scroll labelled GISTORPH LEGE.
   708 | D:1      | 708 ||| READING 2 scrolls labelled DANTOA HYUCRO.
   709 | D:1      | 709 ||| DRINKING 2 puce potions.
   939 | D:2      | 939 ||| Stepping ~*~*~tactically~*~*~ (hiding).
  1132 | D:2      | Identified the +0 pair of gloves of the Coconut {rF- rCorr
                  | Str+3}
  1272 | D:2      | 1272 ||| Stepping ~*~*~tactically~*~*~ (hiding).
  1276 | D:2      | Reached XP level 4. HP: 28/28 MP: 4/4
  1781 | D:2      | 1781 ||| UPGRADING to +0 chain mail.
  1791 | D:2      | 1791 ||| DROPPING +0 scale mail.
  1792 | D:2      | 1792 ||| UPGRADING to +0 pair of gloves of the Coconut {rF-
                  | rCorr Str+3}.
  1797 | D:2      | 1797 ||| UPGRADING to ring of willpower.
  1798 | D:2      | 1798 ||| READING 2 scrolls labelled TUB XEUMOIJEOH.
  1805 | D:3      | 1805 ||| PLANNING SEWER
  1859 | D:3      | Reached skill level 4 in Axes
  2047 | D:3      | 2047 ||| Stepping ~*~*~tactically~*~*~ (stealth).
  2205 | D:3      | You fall into a shaft and drop 1 floor!
  2238 | D:4      | 2238 ||| READING scroll labelled HYELLA VU TUULL.
  2239 | D:4      | 2239 ||| READING scroll labelled TICLIH VAIGOAJ.
  2240 | D:4      | 2240 ||| READING 2 scrolls of identify.
  2240 | D:4      | 2240 ||| IDENTIFYING cyan potion
  2241 | D:4      | 2241 ||| DROPPING potion of ambrosia.
  2449 | D:3      | 2449 ||| RIP SEWER
  2453 | D:3      | 2453 ||| PLANNING D:1-11
  2595 | D:3      | 2595 ||| Stepping ~*~*~tactically~*~*~ (stealth).
  2641 | D:3      | Reached XP level 5. HP: 27/32 MP: 5/5
  2716 | D:3      | 2716 ||| READING scroll labelled LUQEG ITI TAQU.
  2747 | D:3      | 2747 ||| Stepping ~*~*~tactically~*~*~ (stealth).
  2748 | D:3      | 2748 ||| Stepping ~*~*~tactically~*~*~ (stealth).
  3021 | D:4      | 3021 ||| Stepping ~*~*~tactically~*~*~ (hiding).
  3150 | D:4      | Noticed Sigmund
  3153 | D:4      | Found a broken altar of Ashenzari.
  3167 | D:4      | Killed Sigmund
  3168 | D:4      | Reached skill level 6 in Axes
  3168 | D:4      | Reached XP level 6. HP: 31/37 MP: 6/6
  3356 | D:4      | 3356 ||| UPGRADING to +0 pair of boots.
  3361 | D:4      | 3361 ||| READING scroll labelled TAETOA KORPHUE.
  3362 | D:4      | 3362 ||| READING 2 scrolls of identify.
  3362 | D:4      | 3362 ||| IDENTIFYING smoky amethyst potion
  3395 | D:5      | Entered Level 5 of the Dungeon
  3396 | D:5      | 3396 ||| PLANNING OSSUARY
  3462 | D:5      | Reached skill level 1 in Dodging
  3462 | D:5      | Reached XP level 7. HP: 20/43 MP: 7/7
  3462 | D:5      | Killed from afar by an orc wizard

Levels and vault maps discovered:
D:1:      dpeg_arrival_houses_and_road, layout_loops_ring
D:2:      layout_basic
D:3:      wander_river, layout_loops_cross, gup_sewer_entry_bowl
D:4:      layout_rooms, mainiacjoe_overflow_small_starburst, eino_curves_01,
          uniq_sigmund
D:5:      lemuel_ratsnest, layout_basic, nicolae_dithmenos_shadow_blocks,
          minmay_temple_entry_enclosed_plants, chequers_ossuary_entry_cave,
          hellmonk_no_cap

Skill      XL: |  1  2  3  4  5  6 |
---------------+-------------------+-----
Axes           | 2 3 4 6 |  6.0
Fighting       | 4 |  4.1
Dodging        | 1 |  1.7
Armour         | |  3.2
Shields        | |  3.2

Action                     |  1- 3 |  4- 6 |  7- 9 || total
---------------------------+-------+-------+-------++-------
  Melee: War axe           |   144 |   160 |       ||   304
    Use: Scroll            |     2 |     7 |       ||     9
         Potion            |     1 |       |       ||     1
 Armour: Scale mail        |    77 |     4 |       ||    81
         Chain mail        |       |    84 |       ||    84
  Dodge: Dodged            |    80 |    70 |       ||   150
  Block: Buckler           |    21 |    30 |       ||    51

Table legend:
 A = Non-vault XP
 B = Vault XP
 C = Vault XP percentage of total XP
 D = Non-vault monster count
 E = Vault monster count
 F = Vault count percentage of total count
                 A         B        C        D         E       F
            +---------+---------+-------+---------+---------+-------
      Total |     438 |     234 |  34.8 |      74 |       5 |   6.3
            +---------+---------+-------+---------+---------+-------
        D:1 |      35 |       0 |   0.0 |      19 |       0 |   0.0
        D:2 |      55 |       0 |   0.0 |      26 |       0 |   0.0
        D:3 |      72 |       8 |  10.0 |      17 |       4 |  19.0
        D:4 |      41 |     226 |  84.6 |       5 |       1 |  16.7
        D:5 |     235 |       0 |   0.0 |       7 |       0 |   0.0
            +---------+---------+-------+---------+---------+-------
